 Dungeon Crawl Stone Soup version 0.21.0-25-ge575cb9 (webtiles) character file.

669 inmateoo the Ducker (level 7, -7/56 HPs)
             Began as a Gnoll Gladiator on Jan 25, 2018.
             Killed by divine providence
             ... invoked by an orc priest
              (9 damage)
             ... on level 5 of the Dungeon.
             The game lasted 00:08:57 (3411 turns).

inmateoo the Ducker (Gnoll Gladiator)               Turns: 3411, Time: 00:08:58

Health: -7/56      AC: 15    Str: 18    XL:     7   Next: 58%
Magic:  10/10      EV:  8    Int: 11    God:
Gold:   152        SH:  0    Dex: 16    Spells: 11/11 levels left

rFire    . . .     SeeInvis .   k - +1 dagger (venom)
rCold    . . .     Gourm    .   (no shield)
rNeg     . . .     Faith    .   m - +1 plate armour
rPois    .         Spirit   .   q - +2 helmet
rElec    .         Reflect  .   (no cloak)
rCorr    .         Harm     .   (no gloves)
MR       .....     Clarity  +   (no boots) Stlth ..........Rnd*Tele +
                                (no amulet)
HPRegen  0.18/turn              e - ring of teleportation (curse)
MPRegen  0.12/turn              (no ring)

@: no status effects
A: distributed training, fangs 1, clarity, sense surroundings 1, strong nose
a: no special abilities


You were on level 5 of the Dungeon.
You were not hungry.

You visited 2 branches of the dungeon, and saw 6 of its levels.

You collected 152 gold pieces.

Inventory:

Hand Weapons
 a - a +0 quarterstaff
 k - a +1 dagger of venom (weapon)
 p - a +0 blowgun
Missiles
 d - 3 throwing nets (quivered)
 s - 8 curare-tipped needles
Armour
 b - a +0 leather armour
 m - a +1 plate armour (worn)
 q - a +2 helmet (worn)
Jewellery
 e - a cursed ring of teleportation (left hand)
Scrolls
 h - 7 scrolls of identify
 j - 3 scrolls of teleportation
Potions
 c - 2 potions of heal wounds
 g - a potion of might
 i - a potion of flight
 l - a potion of brilliance
 o - 2 potions of mutation
Comestibles
 f - 8 rations


   Skills:
 + Level 5.2 Fighting
 + Level 2.5 Short Blades
 + Level 2.5 Long Blades
 + Level 2.5 Axes
 + Level 2.5 Maces & Flails
 + Level 2.5 Polearms
 + Level 7.0 Staves
 + Level 2.5 Slings
 + Level 2.5 Bows
 + Level 2.5 Crossbows
 + Level 5.2 Throwing
 + Level 2.5 Armour
 + Level 7.0 Dodging
 + Level 2.5 Stealth
 + Level 2.5 Shields
 + Level 2.5 Unarmed Combat
 + Level 2.5 Spellcasting
 + Level 2.0 Conjurations
 + Level 2.0 Hexes
 + Level 2.0 Charms
 + Level 2.0 Summonings
 + Level 2.0 Necromancy
 + Level 2.0 Translocations
 + Level 2.0 Transmutations
 + Level 2.0 Fire Magic
 + Level 2.0 Ice Magic
 + Level 2.0 Air Magic
 + Level 2.0 Earth Magic
 + Level 2.0 Poison Magic
 + Level 2.8 Invocations
 + Level 2.5 Evocations


You had 11 spell levels left.
You didn't know any spells.

Dungeon Overview and Level Annotations

Branches:
Dungeon (5/15)             Temple (1/1) D:4

Altars:
Dithmenos
Elyvilon
Fedhas
Gozag
Hepliaklqana
Kikubaaqudgha
Makhleb
Qazlal
Sif Muna
Trog
Uskayaw
Vehumet
Yredelemnul
Zin
The Shining One

Annotations:
D:3 troglodite's ghost, amateur DsBe
D:4 Eustachio; resurtm's ghost, amateur DEFE


Innate Abilities, Weirdness & Mutations

Your experience applies equally to all skills.
You have very sharp teeth.
Your uncanny sense of smell can sniff out nearby items.
You possess an exceptional clarity of mind.
You passively map a small area around you.


Message History

The orc priest is heavily wounded.
The orc priest hits you but does no damage.
Your plate armour prevents you from hitting the orc priest.
You bite the orc priest, but do no damage.
The orc priest is severely wounded.
Your plate armour prevents you from hitting the orc priest.
The orc priest is severely wounded.
The orc priest barely misses you.
You hit the orc priest but do no damage.
Your bite misses the orc priest.
The orc priest is severely wounded.
The orc priest mumbles some strange prayers to Beogh against you.
Pain shoots through your body!
* * * LOW HITPOINT WARNING * * *
You hit the orc priest.
The orc priest looks as sick as possible!
The orc priest is almost dead.
The orc priest calls down the wrath of Beogh upon you.
Beogh smites you!
You die...

* #)# # * * *
###.###.# * ∆ ,
....... ,*
###...#. # *
...... , .# ###
**#... ,.. . , ,
..# ##.###.#....,
* #.# #...@oZ.....
# #.# #.######....
, , #.###.#####.#
,*,. *
#.....).....#####*
####..)...........
* *
#..############*
#..# ** * * #..# ,
,, * #..#


You could see an orc priest and a quokka skeleton.

Vanquished Creatures
  Menkaure (D:4)
  An ogre (D:4)
  2 scorpions
  An orc priest (D:3)
  A hound (D:3)
  Natasha (thrice) (D:2)
  A worker ant (D:4)
  9 adders
  3 dart slugs
  4 worms
  9 orcs
  4 giant cockroaches
  8 goblins
  8 hobgoblins
  6 jackals
  9 kobolds
  A quokka (D:3)
  3 ball pythons
  9 bats
  7 frilled lizards
  6 rats
96 creatures vanquished.

Vanquished Creatures (others)
  An orc wizard (D:4)
  A plant (D:3)
2 creatures vanquished.

Grand Total: 98 creatures vanquished

Notes
Turn   | Place    | Note
-------+----------+-------------------------------------------
     0 | D:1      | inmateoo the Gnoll Gladiator began the quest for the Orb.
     0 | D:1      | Reached XP level 1. HP: 20/20 MP: 1/1
   185 | D:1      | Reached XP level 2. HP: 26/26 MP: 2/2
   639 | D:1      | Reached XP level 3. HP: 31/31 MP: 3/3
  1068 | D:2      | Reached skill level 1 in Invocations
  1110 | D:2      | Reached skill level 1 in Short Blades
  1110 | D:2      | Reached skill level 1 in Long Blades
  1110 | D:2      | Reached skill level 1 in Axes
  1110 | D:2      | Reached skill level 1 in Maces & Flails
  1110 | D:2      | Reached skill level 1 in Polearms
  1110 | D:2      | Reached skill level 1 in Slings
  1110 | D:2      | Reached skill level 1 in Bows
  1110 | D:2      | Reached skill level 1 in Crossbows
  1110 | D:2      | Reached skill level 1 in Armour
  1110 | D:2      | Reached skill level 1 in Stealth
  1110 | D:2      | Reached skill level 1 in Shields
  1110 | D:2      | Reached skill level 1 in Unarmed Combat
  1110 | D:2      | Reached skill level 1 in Spellcasting
  1110 | D:2      | Reached skill level 1 in Evocations
  1110 | D:2      | Reached XP level 4. HP: 38/38 MP: 5/5
  1322 | D:2      | Found a hide-covered altar of Uskayaw.
  1352 | D:2      | Noticed Natasha
  1360 | D:2      | Killed Natasha
  1360 | D:2      | Reached skill level 1 in Conjurations
  1360 | D:2      | Reached skill level 1 in Hexes
  1360 | D:2      | Reached skill level 1 in Charms
  1360 | D:2      | Reached skill level 1 in Summonings
  1360 | D:2      | Reached skill level 1 in Necromancy
  1360 | D:2      | Reached skill level 1 in Translocations
  1360 | D:2      | Reached skill level 1 in Transmutations
  1360 | D:2      | Reached skill level 1 in Fire Magic
  1360 | D:2      | Reached skill level 1 in Ice Magic
  1360 | D:2      | Reached skill level 1 in Air Magic
  1360 | D:2      | Reached skill level 1 in Earth Magic
  1360 | D:2      | Reached skill level 1 in Poison Magic
  1415 | D:2      | Reached XP level 5. HP: 38/43 MP: 6/6
  1457 | D:2      | Noticed Natasha
  1465 | D:2      | Killed Natasha
  1803 | D:3      | Noticed troglodite's ghost (amateur DsBe)
  1980 | D:2      | Noticed Natasha
  1987 | D:2      | Killed Natasha
  2078 | D:3      | Gained mutation: You passively map a small area around you. [potion of mutation]
  2078 | D:3      | Gained mutation: You possess an exceptional clarity of mind. [potion of mutation]
  2245 | D:3      | Reached XP level 6. HP: 50/50 MP: 8/8
  2604 | D:4      | Reached skill level 5 in Fighting
  2604 | D:4      | Reached skill level 5 in Throwing
  2731 | D:4      | Noticed resurtm's ghost (amateur DEFE)
  2735 | D:4      | Noticed Eustachio
  2861 | D:4      | Found a staircase to the Ecumenical Temple.
  2862 | D:4      | Noticed Menkaure
  2895 | D:4      | Killed Menkaure
  2895 | D:4      | Reached XP level 7. HP: 39/56 MP: 10/10
  2903 | Temple   | Entered the Ecumenical Temple
  3346 | D:5      | Entered Level 5 of the Dungeon
  3410 | D:5      | HP: 2/56 [orc priest/nerve-wracking pain (14)]
  3411 | D:5      | Killed from afar by an orc priest

Skill      XL: |  1  2  3  4  5  6  7 |
---------------+----------------------+-----
Invocations    | 1 2 |  2.8
Short Blades   | 1 2 |  2.5
Long Blades    | 1 2 |  2.5
Axes           | 1 2 |  2.5
Maces & Flails | 1 2 |  2.5
Polearms       | 1 2 |  2.5
Slings         | 1 2 |  2.5
Bows           | 1 2 |  2.5
Crossbows      | 1 2 |  2.5
Armour         | 1 2 |  2.5
Stealth        | 1 2 |  2.5
Shields        | 1 2 |  2.5
Unarmed Combat | 1 2 |  2.5
Spellcasting   | 1 2 |  2.5
Evocations     | 1 2 |  2.5
Conjurations   | 1 2 |  2.0
Hexes          | 1 2 |  2.0
Charms         | 1 2 |  2.0
Summonings     | 1 2 |  2.0
Necromancy     | 1 2 |  2.0
Translocations | 1 2 |  2.0
Transmutations | 1 2 |  2.0
Fire Magic     | 1 2 |  2.0
Ice Magic      | 1 2 |  2.0
Air Magic      | 1 2 |  2.0
Earth Magic    | 1 2 |  2.0
Poison Magic   | 1 2 |  2.0
Fighting       | 5 |  5.2
Throwing       | 5 |  5.2
Staves         | 7 |  7.0
Dodging        | 7 |  7.0

Action                   |  1- 3 |  4- 6 |  7- 9 || total
-------------------------+-------+-------+-------++-------
Melee: Quarterstaff      |    57 |     6 |       ||    63
       Bite              |     7 |    19 |    10 ||    36
       Dagger            |    28 |   198 |    54 ||   280
 Fire: Blowgun           |       |    10 |       ||    10
  Use: Scroll            |       |     7 |     1 ||     8
       Potion            |       |     4 |       ||     4
 Stab: Sleeping          |     1 |       |       ||     1
  Eat: Chunk             |     1 |     2 |       ||     3
       Ration            |       |     1 |     1 ||     2
Armor: Leather armour    |    15 |     3 |       ||    18
       Plate armour      |       |   130 |    24 ||   154
Dodge: Dodged            |    62 |    82 |    22 ||   166
